 Dungeon Crawl Stone Soup version 0.31.0-32-g396128a36d (webtiles) character file.

Game seed: 8097381321015936597

44 PaiMei the Grave Robber (level 3, 0/26 HPs)
             Began as a Demonspawn Necromancer on Apr 6, 2024.
             Slain by Terence
             ... wielding a +0 short sword
              (4 damage)
             ... on level 2 of the Dungeon.
             The game lasted 00:02:17 (1281 turns).

PaiMei the Grave Robber (Demonspawn Necromancer)    Turns: 1281, Time: 00:02:18

Health: 0/26       AC:  2    Str:  8    XL:     3   Next: 39%
Magic:  0/6        EV: 12    Int: 17    God:
Gold:   75         SH:  0    Dex: 13    Spells: 5/6 levels left

rFire   . . .        c - +0 short sword
rCold   . . .        (no shield)
rNeg    . . .        a - +0 robe
rPois   .            (no helmet)
rElec   .            (no cloak)
rCorr   .            (no gloves)
SInv    .            (no boots)
Will    .....        (no amulet)
Stlth   ++           (no ring)
HPRegen 0.24/turn    (no ring)
MPRegen 0.20/turn

%: guardian spirit
@: no status effects
A: magic shield, magic regeneration
a: no special abilities


You were on level 2 of the Dungeon.
You visited 1 branch of the dungeon, and saw 2 of its levels.

You collected 75 gold pieces.

Inventory:

Hand Weapons
 c - a +0 short sword (weapon)
Missiles
 d - 9 poisoned darts (quivered)
Armour
 a - a +0 robe (worn)
Potions
 b - a potion of magic
 e - a potion of brilliance {unknown}
 f - a potion of cancellation {unknown}


   Skills:
 + Level 1.0 Fighting
 + Level 2.3 Dodging
 - Level 2.0 Stealth
 + Level 2.4 Spellcasting
 + Level 4.7 Necromancy


You had 5 spell levels left.
You knew the following spells:

 Your Spells              Type           Power      Damage    Failure   Level
a - Necrotise             Necr           72%        1d7       2%          1

Your spell library contained the following spells:

 Spells                   Type           Power      Damage    Failure   Level
 Vampiric Draining        Necr           18%        2d7       8%          3
 Magic Dart               Conj           8%         1d3       19%         1
 Animate Dead             Necr           18%        N/A       26%         4
 Blink                    Tloc           4%         N/A       28%         2
 Call Imp                 Summ           4%         N/A       28%         2
 Curse of Agony           Necr           18%        N/A       58%         5


Dungeon Overview and Level Annotations

Branches:
Dungeon (2/15)

Altars:

Annotations:
D:2 Terence


Innate Abilities, Weirdness & Mutations

When hurt, damage is shared between your health and your magic reserves.
You regenerate magic rapidly.


Message History

Aiming: Necrotise (safe; 2% risk of failure)
Press: ? - help, Shift-Dir - straight line, f/p - Terence
Aim: Terence, wielding a +0 short sword and wearing a +0 chain mail (lightly wounded, chance to affect: 83%) Terence writhes in agony.
Terence hits you with a +0 short sword.
Casting: Necrotise (safe; 2% risk of failure)
Confirm with . or Enter, or press ? or * to list all spells.
Aiming: Necrotise (safe; 2% risk of failure)
Press: ? - help, Shift-Dir - straight line, f/p - Terence
Aim: Terence, wielding a +0 short sword and wearing a +0 chain mail (lightly wounded, chance to affect: 83%) Terence writhes in agony.
Terence barely misses you.
Casting: Necrotise (safe; 2% risk of failure)
Confirm with . or Enter, or press ? or * to list all spells.
Aiming: Necrotise (safe; 2% risk of failure)
Press: ? - help, Shift-Dir - straight line, f/p - Terence
Aim: Terence, wielding a +0 short sword and wearing a +0 chain mail (moderately wounded, chance to affect: 83%) Terence writhes in agony.
Terence hits you with a +0 short sword.
Casting: Necrotise (safe; 2% risk of failure)
Confirm with . or Enter, or press ? or * to list all spells.
Aiming: Necrotise (safe; 2% risk of failure)
Press: ? - help, Shift-Dir - straight line, f/p - Terence
Aim: Terence, wielding a +0 short sword and wearing a +0 chain mail (moderately wounded, chance to affect: 83%) Terence writhes in agony.
Terence hits you with a +0 short sword.
Casting: Necrotise (safe; 2% risk of failure)
Confirm with . or Enter, or press ? or * to list all spells.
You don't have enough magic to cast this spell.
You closely miss Terence.
Terence is heavily wounded.
Terence closely misses you.
You barely miss Terence.
Terence is heavily wounded.
Terence hits you with a +0 short sword.
* * * LOW HITPOINT WARNING * * *
You barely miss Terence.
Terence is heavily wounded.
Terence hits you but does no damage.
You hit Terence but do no damage.
Terence is heavily wounded.
Terence hits you with a +0 short sword.
You die...
Terence says, "That felt goooood."

...##..####....#
.......####..#.#
##............
###..........
#..#####... ####
######..# #..#
.....####......## ##..
#..@.#.####.# #..
#@..# #.# ###
##..#####.#### #
###............# #
#######...####.......#
# ........###
#)......# .########
#.......# #########


You could see Terence.

Vanquished Creatures
  An adder (D:2)
  2 ribbon worms (D:2)
  3 ball pythons (D:1)
  4 endoplasms
  A giant cockroach (D:1)
  2 goblins (D:1)
  3 hobgoblins
  4 jackals (D:2)
  A quokka (D:1)
  A bat (D:1)
  2 kobolds (D:1)
  4 rats (D:1)
28 creatures vanquished.

Vanquished Creatures (collateral kills)
  A rat (D:1)
1 creature vanquished.

Grand Total: 29 creatures vanquished

Notes
Turn   | Place    | Note
-------+----------+-------------------------------------------
     0 | D:1      | PaiMei the Demonspawn Necromancer began the quest for the
                  | Orb.
     0 | D:1      | Reached XP level 1. HP: 13/13 MP: 3/3
   386 | D:1      | Gained mutation: You regenerate magic rapidly. [demonic
                  | ancestry]
   386 | D:1      | Reached XP level 2. HP: 19/19 MP: 1/5
   754 | D:1      | Found a faded altar of an unknown god.
   758 | D:1      | You fall into a shaft and drop 1 floor!
   822 | D:2      | Gained mutation: When hurt, damage is shared between your
                  | health and your magic reserves. [demonic ancestry]
   822 | D:2      | Reached XP level 3. HP: 25/25 MP: 1/6
  1235 | D:2      | Reached skill level 1 in Fighting
  1270 | D:2      | Noticed Terence
  1281 | D:2      | Slain by Terence

Illustrated notes

Levels and vault maps discovered:
D:1:      ebering_trefoil_twist, layout_basic, basic_ecumenical_altar,
          minmay_statues_item, st_stairs_13, kennysheep_crisscross
D:2:      layout_rooms, uniq_terence

Skill      XL: |  1  2  3 |
---------------+----------+-----
Stealth        | 2 |  2.0
Dodging        | 2 |  2.3
Fighting       | 1 |  1.0
Spellcasting   | |  2.4
Necromancy     | |  4.7

Action                     || total
---------------------------++-------
  Melee: Short sword       ||    31
   Cast: Necrotise         ||    61
 Armour: Robe              ||    26
  Dodge: Dodged            ||    38
